 Dungeon Crawl Stone Soup version 0.29-a0-362-g5854e031c7 (webtiles) character file.

Game seed: 15025569694310309109

17664 spaghetti the Fighter (level 12, 0/110 (130) HPs)
             Began as an Ogre Fire Elementalist on Apr 30, 2022.
             Was a Priest of Ru.
             Succumbed to a meliai's poison
             ... on level 13 of the Dungeon.
             The game lasted 00:40:39 (18989 turns).

spaghetti the Fighter (Ogre Fire Elementalist)     Turns: 18989, Time: 00:40:39

HP:   0/110 (130)   AC:  7    Str: 17    XL:     12   Next: 50%
MP:   12/33         EV: 11    Int: 18    God:    Ru [***...]
Gold: 381           SH:  0    Dex: 12    Spells: 7/27 levels left

rFire   + + .      SeeInvis +   M - +10 spear "Beetle's Nightmare" {vamp, rF+ Dex+3, polearm}
rCold   . . .      Faith    .   (no shield)
rNeg    . . .      Spirit   .   T - +0 acid dragon scales
rPois   +          Reflect  .   (helmet restricted)
rElec   +          Harm     .   X - +0 cloak
rCorr   +          Rampage  .   (gloves unavailable)
Will    ++...                   (boots unavailable)
Stlth   +.........              (no amulet)
HPRegen 0.00/turn               W - ring of magical power
MPRegen 0.23/turn               V - ring of Wicw {rElec rPois rF+ Slay+4 SInv}

@: lethally poisoned (0 -> -16), exhausted, about to teleport, inhibited regen,
heavily drained, unable to drink
A: large, unfitting armour, inhibited regeneration, tough skin 1, inability to
drink while threatened, inability to train armour, iridescent scales 1, deformed
body, strong-willed 1
a: Renounce Religion, Draw Out Power


You were on level 13 of the Dungeon.
You worshipped Ru.
Ru was most pleased with you.
You visited 1 branch of the dungeon, and saw 14 of its levels.
You also visited: Ossuary.

You collected 701 gold pieces.
You spent 320 gold pieces at shops.


Innate Abilities, Weirdness & Mutations

You are too large for most types of armour.
You do not regenerate when monsters are visible.
You have tough skin. (AC +1)
You sometimes lose the ability to drink potions when taking damage.
You cannot train Armour skill.
You are partially covered in iridescent scales. (AC +2)
Armour fits poorly on your strangely shaped body.
You are strong-willed. (Will+)


   Skills:
 - Level 11.1 Fighting
 - Level 6.5 Polearms
 - Level 5.9 Dodging
 - Level 1.4 Stealth
 - Level 8.2 Spellcasting
 - Level 5.3 Conjurations
 - Level 4.0 Hexes
 - Level 3.7 Summonings
 + Level 7.8 Translocations
 - Level 6.0 Fire Magic
 - Level 4.1 Air Magic


You had 7 spell levels left.
You knew the following spells:

 Your Spells              Type           Power      Damage    Failure   Level
a - Foxfire               Conj/Fire      100%       2x1d9     1%          1
b - Scorch                Fire           58%        2d8       1%          2
c - Inner Flame           Hex/Fire       25%        N/A       4%          3
d - Swiftness             Air            22%        N/A       7%          3
e - Summon Lightning Spi  Summ/Air       21%        N/A       26%         4
f - Blink                 Tloc           70%        N/A       1%          2
g - Manifold Assault      Tloc           35%        N/A       14%         5

Your spell library contained the following spells:

 Spells                   Type           Power      Damage    Failure   Level
 Shock                    Conj/Air       96%        1d9       1%          1
 Conjure Flame            Conj/Fire      27%        6-21      3%          3
 Flame Wave               Conj/Fire      27%        2d7       12%         4
 Airstrike                Air            11%        N/A       24%         4
 Hailstorm                Conj/Ice       16%        3d6       41%         4
 Ice Form                 Ice/Tmut       7%         N/A       78%         4
 Simulacrum               Ice/Necr       3%         N/A       100%        6
 Storm Form               Tmut/Air       7%         N/A       100%        7
 Maxwell's Capacitive Co  Air            11%        ∞         100%        8

Inventory:

Hand Weapons
 e - a +0 hand axe of flaming {axe}
   (You found it on level 6 of the Dungeon)
 f - a +0 club {mace}
   (You took it off a goblin on level 1 of the Dungeon)
 j - a +0 giant spiked club of freezing {mace}
   (You found it on level 10 of the Dungeon)
 k - a +0 dagger {short}
   (You took it off a kobold on level 1 of the Dungeon)
 l - a +0 mace {mace}
   (You found it on level 2 of the Dungeon)
 m - a +0 club {mace}
   (You took it off a goblin on level 2 of the Dungeon)
 H - a +2 club {mace}
   (You took it off Ijyb on level 4 of the Dungeon)
 M - the +10 spear "Beetle's Nightmare" (weapon) {vamp, rF+ Dex+3, polearm}
   (You found it on level 6 of the Dungeon)

   It occasionally heals its wielder for a portion of the damage dealt when it
   wounds a living foe.
   Dex:       It affects your dexterity (+3).
   rF:        It protects you from fire.
Missiles
 i - 253 stones (quivered) {throwing}
 o - 2 javelins {throwing}
 r - 24 poisoned darts {throwing}
 t - 3 throwing nets {=f!fthrowing}
 v - 3 boomerangs {throwing}
 U - 5 large rocks {=fthrowing}
Armour
 a - a +0 robe
 R - a +0 troll leather armour
   (You found it on level 9 of the Dungeon)
 T - +0 acid dragon scales (worn)
   (You found it on level 13 of the Dungeon)
 X - a +0 cloak (worn)
   (You found it on level 12 of the Dungeon)
Magical Staves
 E - a staff of poison {!astaff}
   (You found it on level 4 of the Dungeon)
Jewellery
 s - a +4 ring of protection
   (You found it on level 3 of the Dungeon)
 L - a ring of ice
   (You found it on level 5 of the Dungeon)
 Q - a +6 ring of dexterity
   (You found it on level 9 of the Dungeon)
 V - the ring of Wicw (right hand) {rElec rPois rF+ Slay+4 SInv}
   (You found it on level 12 of the Dungeon)

   [ring of slaying]

   Slay:      It affects your accuracy & damage with ranged weapons and melee
   (+4).
   rF:        It protects you from fire.
   rElec:     It insulates you from electricity.
   rPois:     It protects you from poison.
   SInv:      It lets you see invisible.
 W - a ring of magical power (left hand)
   (You bought it in a shop on level 12 of the Dungeon)
Wands
 G - a wand of paralysis (5)
   (You found it on level 11 of the Dungeon)
 I - a wand of mindburst (27)
   (You took it off Ijyb on level 4 of the Dungeon)
 K - a wand of flame (23)
   (You found it on level 5 of the Dungeon)
 N - a wand of iceblast (12)
   (You found it on level 7 of the Dungeon)
 O - a wand of charming (1)
   (You found it on level 8 of the Dungeon)
 P - a wand of acid (6)
   (You found it on level 8 of the Dungeon)
Scrolls
 g - a scroll of enchant weapon
 h - 3 scrolls of teleportation {@r4}
 w - 7 scrolls of immolation {!r!r}
 y - a scroll of enchant armour
 F - a scroll of fog
 J - a scroll of vulnerability {!r!r}
 S - 2 scrolls of amnesia
 Y - a scroll of identify {@r1}
Potions
 b - a potion of magic
 c - a potion of mutation {!q}
 d - 3 potions of might
 n - 6 potions of curing {@q1}
 p - 4 potions of brilliance
 q - 4 potions of haste {@q3}
 u - a potion of attraction {!q}
 x - 3 potions of cancellation
 z - 5 potions of heal wounds {@q2}
 A - 2 potions of flight
 B - 2 potions of resistance {unknown}
 C - 2 potions of lignification {!q}
 D - 2 potions of berserk rage {unknown}
 Z - a potion of ambrosia {unknown}

Dungeon Overview and Level Annotations

Branches:
Dungeon (14/15)            Temple (0/1) D:6            Lair (0/6) D:11
    Orc (0/2) D:10        Ossuary (visited)
 Vaults: D:13-14

Altars:
Cheibriados
Fedhas
Gozag
Hepliaklqana
Kikubaaqudgha
Qazlal
Ru
Trog
Uskayaw
Vehumet
Yredelemnul
Zin
The Shining One

Shops:
D:12 =

Annotations:
D:11 exclusion: 2 oklob plants

.# #........# #.. .# ###'######
######.# '##### #..# #......#
.....# #####'###########'######
.....# #...#.........##........
.....#####.###.###.######........
.....'..##.#...#........#.....8..
.....##.##.#.###y#####...........
.....##..#...#.#@Cyyy#.#......u(.
.....###.'.###.#####.#.##......u.
.....# ###)#.....#.#.#.########'#
.....# #.###.#.#.#y#.# #.# '#####
#.)...#...#...# #.. .#
############'###########
######### ##.# #........
........### #<.# #........
..........##########.## #........


You could see a cyclops, a meliai and 3 killer bees.


Message History

You are poisoned.
The meliai poisons you! 😨 HP[-12] MP[-4]
You take 12 damage, and now have 39/115 hp.
You lost 4 mp, and now have 27/33 mp.
Unknown command.
Casting: Summon Lightning Spire (dangerous; 26% risk of failure)
Confirm with . or Enter, or press ? or * to list all spells.
Space momentarily warps into an impossible shape!
You puncture the meliai!
You feel better.
You puncture the killer bee!
You kill the killer bee!
You barely miss the killer bee.
You feel very sick. The meliai hits you with a +0 war axe.
* * * LOW HITPOINT WARNING * * *
The meliai hits your lightning spire but does no damage.
The meliai stings you.
* * * LOW HITPOINT WARNING * * *
😨 HP[-2] MP[-5]
You now have 116 max hp (+1).
You take 2 damage, and now have 37/116 hp.
You lost 5 mp, and now have 22/33 mp.
Unknown command.
Casting: Manifold Assault (dangerous; 14% risk of failure)
Confirm with . or Enter, or press ? or * to list all spells.
Space momentarily warps into an impossible shape!
You miss the killer bee. You puncture the cyclops! You puncture the killer bee!
You feel sick.
The meliai calls down the wrath of its god upon you.
Something smites you!
* * * LOW HITPOINT WARNING * * *
The meliai misses you.
The meliai hits your lightning spire but does no damage.
The meliai stings you.
* * * LOW HITPOINT WARNING * * *
You are lethally poisoned!
The meliai poisons you! 😱 HP[-16] MP[-5]
You take 16 damage, and now have 21/116 hp.
You lost 5 mp, and now have 17/33 mp.
Unknown command.
Unknown command.
Casting: Manifold Assault (dangerous; 14% risk of failure)
Confirm with . or Enter, or press ? or * to list all spells.
Space momentarily warps into an impossible shape!
You hit the meliai.
You feel better.
You hit the cyclops. You puncture the killer bee!
You feel better.
* * * LOW HITPOINT WARNING * * *
You feel very sick. The meliai barely misses you.
The meliai hits your lightning spire with a +0 war axe!
Your lightning spire is destroyed!
Your lightning spire disappears in a puff of smoke!
The meliai closely misses you. 😱 HP[+5] MP[-5]
You regained 5 hp, and now have 26/116 hp.
You lost 5 mp, and now have 12/33 mp.
Unknown command.
Unknown command.
Unknown command.
You are restored by drawing out deep reserves of power within.
You feel drained.
You feel very sick.
You redirect the meliai's attack!
The meliai hits you with a +0 war axe.
* * * LOW HITPOINT WARNING * * *
The meliai stings you.
* * * LOW HITPOINT WARNING * * *
The meliai hits you with a +0 war axe.
* * * LOW HITPOINT WARNING * * *
The meliai barely misses you.
Unknown command. 😨 HP[+6] MP[+5]
You now have 110 max hp (-6).
You regained 6 hp, and now have 32/110 hp.
You regained 5 mp, and now have 17/33 mp.
Unknown command.
Casting: Manifold Assault (dangerous; 14% risk of failure)
Confirm with . or Enter, or press ? or * to list all spells.
Space momentarily warps into an impossible shape!
You puncture the killer bee!
You feel better.
You closely miss the killer bee.
You feel very sick.
The meliai invokes the aid of its god against you.
Something smites you!
* * * LOW HITPOINT WARNING * * *
The meliai hits you with a +0 war axe!
* * * LOW HITPOINT WARNING * * *
The meliai stings you!
* * * LOW HITPOINT WARNING * * *
😱 HP[-29] MP[-5]
You take 29 damage, and now have 3/110 hp.
MASSIVE DAMAGE!! (PAUSE)
You lost 5 mp, and now have 12/33 mp.
Unknown command.
Unknown command.
Okay, then.
You cannot drink potions in your current state!
As you read the scroll of teleportation {@r4}, it crumbles to dust.
You feel strangely unstable.
You die...

Skill      XL: |  1  2  3  4  5  6  7  8  9 10 11 12 |
---------------+-------------------------------------+-----
Conjurations   | 1 2 3 4 5 |  5.3
Fighting       | 1 2 3 4 5 6 8 9 11 | 11.1
Dodging        | 2 3 4 5 |  5.9
Spellcasting   | 3 4 5 6 7 8 |  8.2
Fire Magic     | 3 4 5 6 |  6.0
Air Magic      | 1 2 3 4 |  4.1
Hexes          | 1 2 3 4 |  4.0
Polearms       | 3 5 6 |  6.5
Summonings     | 1 2 3 |  3.7
Translocations | 3 7 |  7.8
Stealth        | |  1.4

Action                   |  1- 3 |  4- 6 |  7- 9 | 10-12 || total
-------------------------+-------+-------+-------+-------++-------
Melee: Unarmed           |     4 |       |       |       ||     4
       Mace              |       |    11 |       |       ||    11
       Club              |       |       |    10 |       ||    10
       Spear             |       |       |   180 |   417 ||   597
       Punch             |       |       |     1 |     5 ||     6
Throw: Stone             |     2 |    12 |    89 |    66 ||   169
       Javelin           |       |       |       |     1 ||     1
 Cast: Foxfire           |    83 |    50 |    67 |    17 ||   217
       Scorch            |     1 |    60 |    62 |    73 ||   196
       Summon Lightning  |       |       |       |    31 ||    31
       Blink             |       |       |       |    16 ||    16
       Swiftness         |       |       |       |     5 ||     5
       Manifold Assault  |       |       |       |    28 ||    28
Invok: Sacrifice Drink   |     1 |       |       |       ||     1
       Sacrifice Durabil |       |     1 |       |       ||     1
       Sacrifice Purity  |       |       |     1 |       ||     1
       Reject Sacrifices |       |       |     1 |       ||     1
       Draw Out Power    |       |       |       |    16 ||    16
Evoke: Wand              |       |       |    24 |     9 ||    33
  Use: Potion            |       |     1 |     2 |     1 ||     4
       Scroll            |       |     7 |     4 |    19 ||    30
 Stab: Invisible         |       |       |     2 |     3 ||     5
       Sleeping          |       |       |     2 |       ||     2
       Distracted        |       |       |       |     1 ||     1
Armor: Robe              |     5 |    14 |    75 |    31 ||   125
       Troll leather arm |       |       |       |    65 ||    65
       Acid dragon scale |       |       |       |    91 ||    91
Dodge: Dodged            |    19 |    11 |   106 |   327 ||   463

Levels and vault maps discovered:
D:1:      wheals_arrival_shading, layout_rooms, ebering_ecumenical_altar_hall
D:2:      layout_loops_ring, minmay_misc_feat_tiny
D:3:      layout_basic, due_unseen_surprise, uniq_robin
D:4:      layout_loops_ring, mainiacjoe_overflow_six_doors_small,
          enter_ossuary_5, uniq_ijyb
D:5:      layout_loops_cross, old_standard_altar, kennysheep_doodads
D:6:      layout_basic, minmay_temple_entry_glassed_door,
          kennysheep_generic_room_4
D:7:      layout_cave_pools, old_standard_altar, grunt_temple_overflow_open,
          hangedman_decor_slide_cut
D:8:      layout_loops_ring
D:9:      layout_roguey, mainiacjoe_overflow_concentric_impassable,
          nicolae_overflow_hidden_temple
D:10:     layout_rooms, mainiacjoe_overflow_small_starburst,
          mainiacjoe_overflow_surrounded_room, orc_0_dummy, enter_bailey_8,
          nicolae_sextant
D:11:     layout_gridville, dpeg_oklobed_lair, zin_scriptorium
D:12:     layout_basic, serial_shops, shop, uniq_nergalle
D:13:     layout_roguey
D:14:     layout_rooms, grunt_vaults_entry_tiered, cheibrodos_ashenzari_chains,
          special_room [special_room_bee], grunt_decor_mini_mirrors,
          hangedman_abyss_or_decor_stagger, nicolae_qazlal_style_of_elements

Notes
Turn   | Place    | Note
-------+----------+-------------------------------------------
     0 | D:1      | spaghetti the Ogre Fire Elementalist began the quest for
                  | the Orb.
     0 | D:1      | Reached XP level 1. HP: 16/16 MP: 3/3
     0 | D:1      | magus.rc [v1.9.6]
   141 | D:1      | Reached skill level 1 in Conjurations
   190 | D:1      | Reached skill level 1 in Fighting
   224 | D:1      | Reached XP level 2. HP: 27/27 MP: 1/5
   227 | D:1      | Learned a level 2 spell: Scorch
   553 | D:1      | Reached skill level 2 in Dodging
   608 | D:1      | You pick up a book of Air and begin reading...
   608 | D:1      | You add the spells Shock, Swiftness and Airstrike to your
                  | library.
   724 | D:1      | Found a faded altar of an unknown god.
   792 | D:1      | Prayed at the altar of an unknown god.
   792 | D:1      | Became a worshipper of Ru the Awakened
   810 | D:1      | Gained mutation: You sometimes lose the ability to drink
                  | potions when taking damage. [Ru sacrifice]
   810 | D:1      | Reached * piety under Ru
  1095 | D:2      | Reached skill level 3 in Spellcasting
  1095 | D:2      | Reached XP level 3. HP: 23/35 MP: 1/7
  1164 | D:2      | Learned a level 3 spell: Inner Flame
  1408 | D:2      | Reached skill level 2 in Fighting
  2115 | D:3      | Reached XP level 4. HP: 44/44 MP: 0/8
  2427 | D:3      | Noticed Robin
  2435 | D:3      | Killed Robin
  2436 | D:3      | Reached skill level 3 in Fire Magic
  2948 | D:3      | Reached skill level 3 in Fighting
  2948 | D:3      | Reached XP level 5. HP: 53/53 MP: 3/10
  3362 | D:4      | Learned a level 3 spell: Swiftness
  3387 | D:4      | Found a sand-covered staircase.
  3528 | Ossuary  | Entered an ossuary
  3770 | Ossuary  | Reached skill level 4 in Spellcasting
  3770 | Ossuary  | Reached XP level 6. HP: 49/62 MP: 0/12
  3995 | Ossuary  | Reached skill level 2 in Conjurations
  4331 | D:4      | Gained mutation: You cannot train Armour skill. [Ru
                  | sacrifice]
  4331 | D:4      | Reached ** piety under Ru
  4378 | D:4      | Reached skill level 4 in Fighting
  4378 | D:4      | Reached skill level 1 in Air Magic
  4636 | D:4      | Found a bloodstained altar of Trog.
  4731 | D:4      | Reached skill level 1 in Hexes
  4981 | D:4      | Noticed Ijyb
  4984 | D:4      | Killed Ijyb
  4985 | D:4      | Reached XP level 7. HP: 69/71 MP: 6/13
  5129 | D:5      | Entered Level 5 of the Dungeon
  5204 | D:5      | Reached skill level 3 in Dodging
  5381 | D:5      | Reached skill level 5 in Fighting
  5490 | D:5      | Reached skill level 5 in Spellcasting
  5792 | D:5      | Found a radiant altar of Vehumet.
  6141 | D:5      | Reached skill level 2 in Air Magic
  6141 | D:5      | Reached XP level 8. HP: 83/83 MP: 7/16
  6253 | D:5      | You fall into a shaft and drop 2 floors!
  6267 | D:7      | Gained mutation: You are strong-willed. (Will+) [potion of
                  | mutation]
  6267 | D:7      | Gained mutation: You are partially covered in iridescent
                  | scales. (AC +2) [potion of mutation]
  6273 | D:7      | Reached skill level 2 in Hexes
  6279 | D:7      | HP: 20/83 [orc wizard/puff of flame (6)]
  6284 | D:7      | Reached skill level 6 in Fighting
  6287 | D:7      | Reached skill level 3 in Conjurations
  6302 | D:7      | Reached skill level 4 in Fire Magic
  6589 | D:7      | Found a hide-covered altar of Uskayaw.
  6597 | D:7      | Noticed a vampire
  6614 | D:7      | Killed a vampire
  6616 | D:7      | HP: 20/84 [orc priest/+0 dagger (3)]
  6795 | D:7      | Reached skill level 6 in Spellcasting
  6961 | D:7      | You pick up a book of the Sky and begin reading...
  6961 | D:7      | You add the spells Summon Lightning Spire, Storm Form and
                  | Maxwell's Capacitive Coupling to your library.
  7271 | D:6      | Identified the +10 spear "Beetle's Nightmare" {vamp, rF+
                  | Dex+3}
  7342 | D:5      | Reached XP level 9. HP: 44/92 MP: 15/18
  7565 | D:6      | Reached skill level 7 in Fighting
  7573 | D:5      | Gained mutation: You do not regenerate when monsters are
                  | visible. [Ru sacrifice]
  7573 | D:5      | Reached *** piety under Ru
  7595 | D:6      | Found a staircase to the Ecumenical Temple.
  7620 | D:6      | Reached skill level 4 in Dodging
  7830 | D:6      | Reached skill level 1 in Polearms
  8088 | D:6      | Reached skill level 3 in Air Magic
  8090 | D:6      | Reached skill level 3 in Hexes
  8351 | D:6      | Reached skill level 2 in Polearms
  8481 | D:7      | Learned a level 4 spell: Summon Lightning Spire
  8628 | D:7      | Found a snail-covered altar of Cheibriados.
  8630 | D:7      | Found a blossoming altar of Fedhas.
  8630 | D:7      | Found a glowing golden altar of the Shining One.
  8990 | D:8      | Reached skill level 8 in Fighting
  9040 | D:8      | You pick up a book of the Tundra and begin reading...
  9040 | D:8      | You add the spells Hailstorm, Ice Form and Simulacrum to
                  | your library.
  9332 | D:8      | Reached skill level 1 in Summonings
  9574 | D:8      | Reached skill level 3 in Polearms
  9574 | D:8      | Reached skill level 4 in Conjurations
 10194 | D:9      | You add the spells Blink and Manifold Assault to your
                  | library.
 10198 | D:9      | Learned a level 2 spell: Blink
 10307 | D:9      | Found a stormy altar of Qazlal.
 10372 | D:9      | Reached XP level 10. HP: 92/102 MP: 20/20
 10741 | D:9      | Found a basalt altar of Yredelemnul.
 10744 | D:9      | Found a hazy altar of Hepliaklqana.
 10882 | D:10     | Entered Level 10 of the Dungeon
 10907 | D:9      | Reached skill level 7 in Spellcasting
 10909 | D:9      | HP: 25/101 [vampire mosquito (3)]
 11216 | D:9      | Reached skill level 5 in Fire Magic
 11348 | D:9      | HP: 21/100 [troll (9)]
 11349 | D:9      | HP: 10/100 [troll (1)]
 11712 | D:9      | Reached skill level 4 in Polearms
 11841 | D:10     | Reached skill level 9 in Fighting
 11841 | D:10     | Reached skill level 2 in Summonings
 11873 | D:10     | Found an ancient bone altar of Kikubaaqudgha.
 11921 | D:10     | Noticed a two-headed ogre
 11935 | D:10     | HP: 16/101 [two-headed ogre/+1 dire flail of protection
                  | (27)]
 11936 | D:10     | Killed a two-headed ogre
 12326 | D:10     | Found a staircase to the Orcish Mines.
 12632 | D:10     | Found an opulent altar of Gozag.
 12715 | D:11     | Found a staircase to the Lair.
 12715 | D:11     | Noticed an oklob plant
 12734 | D:11     | Reached skill level 4 in Air Magic
 12957 | D:11     | Found a glowing silver altar of Zin.
 12980 | D:11     | Reached skill level 5 in Dodging
 12994 | D:11     | HP: 20/101 [yak (6)]
 13000 | D:11     | Reached skill level 4 in Hexes
 13004 | D:11     | HP: 22/103 [yak (5)]
 13244 | D:11     | Noticed a four-headed hydra
 13285 | D:11     | Killed a four-headed hydra
 13286 | D:11     | Reached skill level 5 in Polearms
 13286 | D:11     | Reached XP level 11. HP: 108/117 MP: 3/22
 13449 | D:11     | Noticed a two-headed ogre
 13458 | D:11     | Killed a two-headed ogre
 13459 | D:11     | Reached skill level 10 in Fighting
 13598 | D:11     | Reached skill level 3 in Summonings
 13719 | D:11     | Reached skill level 5 in Conjurations
 14157 | D:11     | Noticed an oklob plant
 14513 | D:12     | Noticed Nergalle
 14531 | D:12     | HP: 24/106 [Nergalle/bolt of negative energy (21)]
 14547 | D:12     | Noticed a sixfirhy
 14765 | D:13     | Reached skill level 6 in Polearms
 14770 | D:13     | Gained mutation: Armour fits poorly on your strangely
                  | shaped body. [a neqoxec]
 15017 | D:12     | Reached skill level 8 in Spellcasting
 15069 | D:12     | Noticed a two-headed ogre
 15100 | D:12     | Killed a two-headed ogre
 15226 | D:12     | Learned a level 5 spell: Manifold Assault
 15385 | D:12     | Found Atzehefu's Jewellery Shoppe.
 15398 | D:12     | Noticed a six-headed hydra
 15414 | D:12     | Killed a six-headed hydra
 15415 | D:12     | Reached skill level 11 in Fighting
 15415 | D:12     | Reached skill level 6 in Fire Magic
 15416 | D:12     | HP: 30/120 [troll (2)]
 15640 | D:12     | Killed Nergalle
 15641 | D:12     | Reached skill level 1 in Translocations
 15785 | D:12     | Identified the ring of Wicw {rElec rPois rF+ Slay+4 SInv}
 15791 | D:12     | Bought a ring of magical power for 320 gold pieces
 16096 | D:13     | Noticed a manticore
 16106 | D:13     | Killed a manticore
 16107 | D:13     | Reached skill level 2 in Translocations
 16333 | D:13     | Reached skill level 3 in Translocations
 16478 | D:13     | Noticed a centaur warrior
 16495 | D:13     | Killed a centaur warrior
 16496 | D:13     | Reached XP level 12. HP: 54/130 MP: 24/24
 16770 | D:13     | Noticed a boulder beetle
 16791 | D:13     | Killed a boulder beetle
 16792 | D:13     | Reached skill level 4 in Translocations
 17024 | D:13     | Noticed a two-headed ogre
 17033 | D:13     | Killed a two-headed ogre
 17034 | D:13     | Reached skill level 5 in Translocations
 17495 | D:13     | Reached skill level 6 in Translocations
 17784 | D:13     | Reached skill level 7 in Translocations
 18067 | D:13     | HP: 23/124 [white ugly thing (26)]
 18071 | D:13     | HP: 2/118 [white ugly thing (32)]
 18100 | D:13     | HP: 26/116 [red ugly thing (4)]
 18985 | D:13     | HP: 23/116 [meliai/divine providence (12)]
 18988 | D:13     | HP: 10/110 [meliai/+0 war axe (12)]
 18988 | D:13     | HP: 3/110 [meliai/+0 war axe (7)]
 18989 | D:13     | Succumbed to a meliai's poison

Vanquished Creatures
  2 hydras
  2 two-headed ogres
  A centaur warrior (D:13)
  5 ugly things (D:13)
  A deep elf pyromancer (D:13)
  A manticore (D:13)
  An unseen horror (D:11)
  A gargoyle (D:11)
  A kobold demonologist (D:13)
  A yaktaur (shapeshifter) (D:13)
  A queen bee (D:13)
  3 trolls
  3 wraiths
  A wyvern (D:9)
  2 yaks (D:11)
  A shadow (D:12)
  3 nameless horrors
  2 vampires
  A steam dragon (D:8)
  4 vampire mosquitoes (D:9)
  4 acid dragons
  A water moccasin (D:5)
  2 sky beasts (D:7)
  2 ice beasts
  An orc warrior (D:10)
  A black bear (D:5)
  An ogre (D:4)
  9 centaurs
  3 kobold brigands
  2 bullfrogs
  A necrophage (D:5)
  A gnoll sergeant (D:8)
  2 scorpions (D:6)
  9 wights
  15 killer bees
  4 howler monkeys
  2 human zombies (Ossuary)
  8 orc priests
  6 hounds
  4 jellies
  A gnoll shaman (D:9)
  Ijyb (D:4)
  2 iguanas
  10 orc wizards
  3 mummies (Ossuary)
  Robin (D:3)
  13 gnolls
  6 adders
  2 shadow imps
  A white imp (D:5)
  An ufetubus (D:6)
  A worm (D:3)
  2 dart slugs
  29 orcs
  12 ball pythons
  9 endoplasms
  2 giant cockroaches
  2 gnoll zombies (Ossuary)
  12 hobgoblins
  3 quokkas
  6 bats
  3 frilled lizards
  8 goblins
  A goblin zombie (Ossuary)
  9 kobolds
  3 kobold zombies (Ossuary)
  A rat (D:2)
259 creatures vanquished.

Vanquished Creatures (collateral kills)
  Nergalle (D:12)
  An ugly thing (D:13)
  A kobold demonologist (D:13)
  A troll (D:11)
  2 yaks (D:11)
  An orc warrior (D:9)
  An orc (D:11)
8 creatures vanquished.

Vanquished Creatures (others)
  A boulder beetle (D:13)
  2 two-headed ogres
  A cyclops (D:13)
  A troll (D:11)
  A yak (D:11)
  A steam dragon (D:8)
  2 orcs (D:8)
  355 foxfires
364 creatures vanquished.

Grand Total: 631 creatures vanquished

Table legend:
 A = Non-vault XP
 B = Vault XP
 C = Vault XP percentage of total XP
 D = Non-vault monster count
 E = Vault monster count
 F = Vault count percentage of total count
                 A         B        C        D         E       F
            +---------+---------+-------+---------+---------+-------
      Total |   23068 |    2167 |   8.6 |     231 |      39 |  14.4
            +---------+---------+-------+---------+---------+-------
        D:1 |      29 |       0 |   0.0 |      18 |       0 |   0.0
        D:2 |      38 |       0 |   0.0 |      17 |       0 |   0.0
        D:3 |     117 |      38 |  24.5 |      14 |      12 |  46.2
        D:4 |     241 |      35 |  12.7 |      15 |       1 |   6.2
        D:5 |     816 |       0 |   0.0 |      16 |       0 |   0.0
        D:6 |     684 |     199 |  22.5 |      16 |       2 |  11.1
        D:7 |    1247 |       0 |   0.0 |      24 |       0 |   0.0
        D:8 |     695 |       0 |   0.0 |      23 |       0 |   0.0
        D:9 |    1928 |       0 |   0.0 |      20 |       0 |   0.0
       D:10 |     813 |       0 |   0.0 |      10 |       0 |   0.0
       D:11 |    4828 |       0 |   0.0 |      22 |       0 |   0.0
       D:12 |    3431 |     781 |  18.5 |      16 |       1 |   5.9
       D:13 |    8201 |     908 |  10.0 |      20 |      11 |  35.5
       D:14 |       0 |      59 | 100.0 |       0 |       1 | 100.0
    Ossuary |       0 |     147 | 100.0 |       0 |      11 | 100.0
            +---------+---------+-------+---------+---------+-------

Illustrated notes

Table legend:
 A = Kills in this place as a percentage of kills in entire the game.
 B = Kills by you in this place as a percentage of kills by you in the entire game.
 C = Kills by friends in this place as a percentage of kills by friends in the entire game.
 D = Other kills in this place as a percentage of other kills in the entire game.
 E = Experience gained in this place as a percentage of experience gained in the entire game.
 F = Experience gained in this place divided by the number of levels of this place that you have seen.
                   A       B       C       D       E      F
               +-------+-------+-------+-------+-------+----------------------
         Total | 100.0 | 100.0 | 100.0 | 100.0 | 100.0 | 1682.3
       Dungeon |  95.9 |  95.7 | 100.0 | 100.0 |  99.4 | 1792.0
       Ossuary |   4.1 |   4.3 |   0.0 |   0.0 |   0.6 | 147.0
               +-------+-------+-------+-------+-------+----------------------

Table legend: (Time is in decaauts)
 A = Elapsed time spent in this place.
 B = Non-inter-level travel time spent in this place.
 C = Inter-level travel time spent in this place.
 D = Time resting spent in this place.
 E = Time spent auto-exploring this place.
 F = Levels seen in this place.
 G = Mean time per level.
                   A        B        C        D        E       F      G
               +--------+--------+--------+--------+--------+-----+--------+
         Total |  18984 |  18405 |    579 |   5226 |  10929 |  15 | 1265.6 |
       Dungeon |  18401 |  17822 |    579 |   5162 |  10502 |  14 | 1314.4 |
       Ossuary |    582 |    582 |      0 |     64 |    427 |   1 |  582.0 |
               +--------+--------+--------+--------+--------+-----+--------+

Top non-repeatable levels by time:
    D:13: 3139 daAuts
    D:11: 1800 daAuts
     D:9: 1665 daAuts
    D:12: 1331 daAuts
     D:5: 1286 daAuts
     D:4: 1257 daAuts
     D:8: 1253 daAuts
     D:3: 1249 daAuts
     D:6: 1240 daAuts
     D:7: 1182 daAuts
     D:2: 1124 daAuts
     D:1: 982 daAuts
    D:10: 868 daAuts
 Ossuary: 582 daAuts
    D:14: 18 daAuts
